 Dungeon Crawl Stone Soup version 0.21-a0-625-g1119ec1 (webtiles) character file.

14 tidbits the Conjurer (level 2, 9/20 HPs)
             Began as a Gnoll Wanderer on Dec 24, 2017.
             Quit the game on level 2 of the Dungeon.
             The game lasted 00:00:52 (62 turns).

tidbits the Conjurer (Gnoll Wanderer)                 Turns: 62, Time: 00:00:53

Health: 9/20       AC:  9    Str: 16    XL:     2   Next: 45%
Magic:  5/5        EV:  9    Int: 14    God:
Gold:   0          SH:  0    Dex: 12    Spells: 6/6 levels left

rFire    . . .     SeeInvis .   c - +0 hand axe
rCold    . . .     Gourm    .   (no shield)
rNeg     . . .     Faith    .   B - +2 scale mail
rPois    .         Spirit   .   (no helmet)
rElec    .         Reflect  .   (no cloak)
rCorr    .         Harm     .   (no gloves)
MR       .....                  (no boots)
Stlth    ..........             (no amulet)
HPRegen  0.06/turn              (no ring)
MPRegen  0.09/turn              (no ring)

@: no status effects
A: distributed training, fangs 1, strong nose
a: no special abilities


You were on level 2 of the Dungeon.
You were not hungry.

You visited 1 branch of the dungeon, and saw 2 of its levels.

Inventory:

Hand Weapons
 c - a +0 hand axe (weapon)
Armour
 B - a +2 scale mail (worn)
Books
 b - the Papyrus of Snow

   Spells                             Type                      Level
   a - Freeze                         Ice                          1
   b - Ozocubu's Armour               Charms/Ice                   3
Comestibles
 d - a ration


   Skills:
 + Level 0.4 Fighting
 + Level 0.4 Short Blades
 + Level 0.4 Long Blades
 + Level 2.5 Axes
 + Level 0.4 Maces & Flails
 + Level 0.4 Polearms
 + Level 0.4 Staves
 + Level 0.4 Slings
 + Level 0.4 Bows
 + Level 0.4 Crossbows
 + Level 0.4 Throwing
 + Level 4.5 Armour
 + Level 0.4 Dodging
 + Level 0.4 Stealth
 + Level 2.5 Shields
 + Level 0.4 Unarmed Combat
 + Level 2.7 Spellcasting
 + Level 5.3 Conjurations
 + Level 0.2 Hexes
 + Level 0.2 Charms
 + Level 0.2 Summonings
 + Level 0.2 Necromancy
 + Level 0.2 Translocations
 + Level 0.2 Transmutations
 + Level 2.0 Fire Magic
 + Level 0.2 Ice Magic
 + Level 0.2 Air Magic
 + Level 0.2 Earth Magic
 + Level 0.2 Poison Magic
 + Level 0.5 Invocations
 + Level 2.5 Evocations


You had 6 spell levels left.
You didn't know any spells.

Dungeon Overview and Level Annotations

Branches:
Dungeon (2/15)

Altars:


Innate Abilities, Weirdness & Mutations

Your experience applies equally to all skills.
You have very sharp teeth.
Your uncanny sense of smell can sniff out nearby items.


Message History

Welcome, tidbits the Gnoll Wanderer.
Will you prevail where others failed? Will you find the Orb of Zot?
Press ? for a list of commands and other information.
Found a staircase leading out of the dungeon.
Okay, then.
Adjust (i)tems, (s)pells, or (a)bilities?
Adjust which item? (? for menu, Esc to quit)
a - a +2 scale mail (worn)
Adjust to which letter? (? for menu, Esc to quit)
B - a +2 scale mail (worn)
Found an escape hatch in the floor.
There is an escape hatch in the floor here.
You slide downwards.
The hatch slams shut behind you.
A kobold comes into view. It is wielding a whip.
The kobold shouts!
An adder comes into view.
The adder hisses angrily.
Found a club.
Wield which item (- for none, * to show all)? (? for menu, Esc to quit)
Okay, then.
You aren't carrying any potions.
Unknown command.
You hit the kobold.
You kill the kobold!
A hobgoblin comes into view.
The hobgoblin shouts!
You hear a shout!
You hit the adder.
The adder is moderately wounded.
The adder bites you but does no damage. The adder barely misses you.
A hobgoblin comes into view. It is wielding a club.
You barely miss the adder.
The adder is moderately wounded.
The adder barely misses you.
You hit the adder.
The adder is severely wounded.
The adder bites you but does no damage. The adder barely misses you.
You barely miss the adder. Your bite misses the adder.
The adder is severely wounded.
The adder barely misses you. x2
You hit the adder.
You kill the adder!
Your Fire Magic skill increases to level 2!
You have reached level 2!
Okay, then.
You barely miss the hobgoblin. You bite the hobgoblin.
The hobgoblin is moderately wounded.
The hobgoblin closely misses you.
You closely miss the hobgoblin.
The hobgoblin is moderately wounded.
The hobgoblin hits you.
Your scale mail prevents you from hitting the hobgoblin.
Your bite misses the hobgoblin.
The hobgoblin is moderately wounded.
The hobgoblin hits you but does no damage.
You hit the hobgoblin.
The hobgoblin is severely wounded.
The hobgoblin barely misses you. The hobgoblin completely misses you.
You slash the hobgoblin!
You kill the hobgoblin!
A hobgoblin comes into view. It is wielding a club.
You hit the hobgoblin but do no damage. The hobgoblin completely misses you.
You hit the hobgoblin.
The hobgoblin is severely wounded.
You hit the hobgoblin but do no damage.
The hobgoblin hits you but does no damage. x3
The hobgoblin barely misses you.
You hit the hobgoblin but do no damage.
The hobgoblin is severely wounded.
You hit the hobgoblin.
The hobgoblin hits you but does no damage.
The hobgoblin hits you with a club.
You hit the hobgoblin but do no damage.
The hobgoblin is severely wounded.
You hit the hobgoblin.
You kill the hobgoblin!
The hobgoblin hits you with a club.
* * * LOW HITPOINT WARNING * * *
You hit the hobgoblin.
You kill the hobgoblin!
Things that are here:
a club; a whip; a kobold corpse
Things that are here:
a club; a hobgoblin corpse You see here a club.
Are you sure you want to abandon this character and quit the game? (Confirm with "yes".)

########
#@.....#
######.# ####
#.# #..# #.#
∆ ##.# #.#
#.# #.#
##.###.#
#......# ∆
######......#


There were no monsters in sight!

Vanquished Creatures
  An adder (D:2)
  3 hobgoblins (D:2)
  A kobold (D:2)
5 creatures vanquished.

Notes
Turn   | Place    | Note
-------+----------+-------------------------------------------
     0 | D:1      | tidbits the Gnoll Wanderer began the quest for the Orb.
     0 | D:1      | tidbits set off with: a +2 scale mail, the Papyrus of Snow, a +0 hand axe, a ration
     0 | D:1      | Reached XP level 1. HP: 13/13 MP: 4/4
     0 | D:1      | Identified the Papyrus of Snow
    21 | D:2      | Reached skill level 2 in Fire Magic
    21 | D:2      | Reached XP level 2. HP: 20/20 MP: 5/5
    62 | D:2      | Quit the game

Vault maps used:
D:1:      lemuel_arrival_cross
D:2:      cheibrodos_greedy_goblins, old_standard_altar, uniq_crazy_yiuf_cottage

Skill      XL: |  1 |
---------------+----+-----
Fire Magic     | 2 |  2.0
Fighting       | |  0.4
Short Blades   | |  0.4
Long Blades    | |  0.4
Axes           | |  2.5
Maces & Flails | |  0.4
Polearms       | |  0.4
Staves         | |  0.4
Slings         | |  0.4
Bows           | |  0.4
Crossbows      | |  0.4
Throwing       | |  0.4
Armour         | |  4.5
Dodging        | |  0.4
Stealth        | |  0.4
Shields        | |  2.5
Unarmed Combat | |  0.4
Spellcasting   | |  2.7
Conjurations   | |  5.3
Hexes          | |  0.2
Charms         | |  0.2
Summonings     | |  0.2
Necromancy     | |  0.2
Translocations | |  0.2
Transmutations | |  0.2
Ice Magic      | |  0.2
Air Magic      | |  0.2
Earth Magic    | |  0.2
Poison Magic   | |  0.2
Invocations    | |  0.5
Evocations     | |  2.5

Action                   || total
-------------------------++-------
Melee: Hand axe          ||    16
       Bite              ||     1
Armor: Scale mail        ||     7
Dodge: Dodged            ||    10

Table legend:
 A = Spawn XP
 B = Non-spawn XP
 C = Spawn XP percentage of total XP
 D = Spawn monster count
 E = Non-spawn monster count
 F = Spawn count percentage of total count
 G = Total turns spent on level
                    A         B        C        D         E        F      G
               +---------+---------+-------+---------+---------+-------+---------
         Total |       0 |      21 |   0.0 |       0 |       5 |   0.0 |    62
               +---------+---------+-------+---------+---------+-------+---------
           D:2 |       0 |      21 |   0.0 |       0 |       5 |   0.0 |    50
               +---------+---------+-------+---------+---------+-------+---------

Table legend:
 A = Turns spent in this place as a percentage of turns spent in the entire game.
 B = Non-inter-level travel turns spent in this place as a percentage of non-inter-level travel turns spent in the entire game.
 C = Inter-level travel turns spent in this place as a percentage of turns spent in this place.
 D = Turns resting spent in this place as a percentage of non-inter-level travel turns spent in this place.
 E = Turns spent auto-exploring this place as a percentage of non-inter-level travel turns spent in this place.
 F = Non-inter-level travel turns spent in this place divided by the number of levels of this place that you've seen.
                   A       B       C       D       E      F
               +-------+-------+-------+-------+-------+----------------------
         Total | 100.0 | 100.0 |   0.0 |   0.0 |   0.0 |  31.0
       Dungeon | 100.0 | 100.0 |   0.0 |   0.0 |   0.0 |  31.0
               +-------+-------+-------+-------+-------+----------------------

Table legend:
 A = Kills in this place as a percentage of kills in entire the game.
 B = Kills by you in this place as a percentage of kills by you in the entire game.
 C = Kills by friends in this place as a percentage of kills by friends in the entire game.
 D = Other kills in this place as a percentage of other kills in the entire game.
 E = Experience gained in this place as a percentage of experience gained in the entire game.
 F = Experience gained in this place divided by the number of levels of this place that you have seen.
                   A       B       C       D       E      F
               +-------+-------+-------+-------+-------+----------------------
         Total | 100.0 | 100.0 |   N/A |   N/A | 100.0 |  10.5
       Dungeon | 100.0 | 100.0 |   N/A |   N/A | 100.0 |  10.5
               +-------+-------+-------+-------+-------+----------------------

Vault maps used:
D:1:      lemuel_arrival_cross
D:2:      cheibrodos_greedy_goblins, old_standard_altar, uniq_crazy_yiuf_cottage
